 Dungeon Crawl Stone Soup version 0.28.0-53-g5a82cb258f (webtiles) character file.

Game seed: 14206475841466153299

1008 safid the Cleaver (level 8, -1/66 HPs)
             Began as a Hill Orc Fighter on Aug 7, 2022.
             Was a Follower of Beogh.
             Slain by a gnoll
             ... wielding a +3 spear
              (7 damage)
             ... on level 6 of the Dungeon.
             The game lasted 00:05:32 (5247 turns).

safid the Cleaver (Hill Orc Fighter)                Turns: 5247, Time: 00:05:33

Health: -1/66      AC: 12    Str: 21    XL:     8   Next: 20%
Magic:  8/8        EV:  5    Int:  8    God:    Beogh [*.....]
Gold:   218        SH:  4    Dex: 10    Spells: 7/7 levels left

rFire   . . .      SeeInvis .   a - +0 war axe
rCold   . . .      Faith    .   c - +0 buckler
rNeg    . . .      Spirit   .   v - +0 plate armour
rPois   .          Reflect  .   (no helmet)
rElec   .          Harm     .   (no cloak)
rCorr   .          Rampage  .   r - +0 pair of gloves
Will    +....                   (no boots)
Stlth   ..........              (no amulet)
HPRegen 0.21/turn               b - ring of willpower
MPRegen 0.11/turn               (no ring)

@: no status effects
A: no striking features
a: Renounce Religion


You were on level 6 of the Dungeon.
You worshipped Beogh.
Beogh was aware of your devotion.
You visited 1 branch of the dungeon, and saw 6 of its levels.

You collected 218 gold pieces.

Inventory:

Hand Weapons
 a - a +0 war axe (weapon)
Missiles
 o - 2 poisoned darts (quivered)
Armour
 c - a +0 buckler (worn)
 r - a +0 pair of gloves (worn)
 v - a +0 plate armour (worn)
Jewellery
 b - a ring of willpower (left hand)
Wands
 w - a wand of iceblast (8)
Scrolls
 e - 2 scrolls of immolation
 k - a scroll of fog
 m - a scroll of blinking
 n - a scroll of enchant weapon
 q - a scroll of vulnerability {unknown}
 t - 2 scrolls of silence
 u - a scroll of noise {unknown}
Potions
 d - a potion of might
 g - a potion of flight {unknown}
 h - a potion of brilliance {unknown}
 i - a potion of invisibility {unknown}
 j - 4 potions of curing
 l - a potion of heal wounds
 p - a potion of haste {unknown}
 s - a potion of lignification {unknown}


   Skills:
 - Level 4.0 Fighting
 + Level 11.6 Axes
 - Level 4.0 Armour
 - Level 4.0 Shields


You had 7 spell levels left.
You didn't know any spells.
Your spell library contained the following spells:

 Spells                   Type           Power      Damage    Failure   Level
 Foxfire                  Conj/Fire      0%         2x1d4     100%        1
 Conjure Flame            Conj/Fire      0%         6-21      100%        3
 Inner Flame              Hex/Fire       0%         N/A       100%        3
 Flame Wave               Conj/Fire      0%         2d4       100%        4


Dungeon Overview and Level Annotations

Branches:
Dungeon (6/15)
 Temple: D:4-7

Altars:
Hepliaklqana
Zin


Message History

The gnoll hits you but does no damage.
A gnoll comes into view. It is wielding a +0 halberd.
The gnoll hits you with a +0 spear.
The gnoll hits you from afar with a +3 spear!
* * * LOW HITPOINT WARNING * * *
The gnoll completely misses you.
You slash the gnoll!
The gnoll is severely wounded.
The gnoll barely misses you.
A gnoll sergeant comes into view.
It is wielding a +2 spear of venom and wearing a +2 scale mail of cold resistance.
The gnoll hits you but does no damage. You block the gnoll's attack.
Unknown command.
You closely miss the gnoll.
The gnoll is severely wounded.
The gnoll sergeant shouts!
The gnoll hits you but does no damage. x2
A gnoll comes into view. It is wielding a +0 halberd.
Unknown command.
The gnoll hits you from afar with a +0 spear.
* * * LOW HITPOINT WARNING * * *
The gnoll hits you but does no damage.
The gnoll hits you from afar with a +3 spear.
* * * LOW HITPOINT WARNING * * *
Things that are here:
a +0 club; a +0 robe The gnoll shouts!
The gnoll barely misses you. The gnoll hits you but does no damage.
The gnoll hits you from afar with a +3 spear.
* * * LOW HITPOINT WARNING * * *
The gnoll hits you from afar with a +0 spear.
* * * LOW HITPOINT WARNING * * *
The gnoll completely misses you. The gnoll hits you but does no damage.
A water moccasin comes into view.
The gnoll barely misses you. The gnoll hits you but does no damage.
The gnoll hits you from afar with a +0 spear.
* * * LOW HITPOINT WARNING * * *
The gnoll hits you from afar with a +3 spear!
You die...

#####......#
#..........#
#.###...g..# #.#
#...g..#
#.###......#
#...#g.....#
#######.#gg...##
........#.....+
#####...@.....#
.............#
###.....†..|.#
#.S........#
.....#+#.##....
..... ... .....
..... ..#......
.... ###. ....
... .


You could see a water moccasin, a gnoll sergeant and 4 gnolls.

Vanquished Creatures
  Edmund (D:4)
  3 black bears (D:5)
  Blork the orc (D:4)
  4 scorpions
  A centaur skeleton (D:5)
  A gnoll shaman (D:6)
  A bullfrog skeleton (D:5)
  An orc wizard (D:3)
  3 gnolls (D:6)
  10 adders
  An adder zombie (D:5)
  2 adder skeletons
  2 worms (D:3)
  3 dart slugs
  8 orcs
  7 ball pythons
  11 endoplasms
  2 giant cockroaches
  2 goblins (D:3)
  2 hobgoblins
  2 jackals (D:1)
  6 quokkas
  4 bats
  7 frilled lizards
  5 kobolds
  5 rats
95 creatures vanquished.

Vanquished Creatures (others)
  An adder (D:3)
1 creature vanquished.

Grand Total: 96 creatures vanquished

Notes
Turn   | Place    | Note
-------+----------+-------------------------------------------
     0 | D:1      | safid the Hill Orc Fighter began the quest for the Orb.
     0 | D:1      | Reached XP level 1. HP: 19/19 MP: 1/1
   158 | D:1      | Found a faded altar of an unknown god.
   205 | D:1      | Reached XP level 2. HP: 27/27 MP: 2/2
   227 | D:1      | Reached skill level 3 in Axes
  1215 | D:2      | Reached XP level 3. HP: 25/33 MP: 3/3
  2043 | D:3      | Reached XP level 4. HP: 38/40 MP: 4/4
  2097 | D:3      | Reached skill level 4 in Axes
  2225 | D:3      | Reached skill level 5 in Axes
  2232 | D:3      | HP: 2/40 [adder (3)]
  2236 | D:3      | Reached XP level 5. HP: 25/46 MP: 5/5
  2572 | D:3      | Became a worshipper of Beogh the Brigand
  2725 | D:3      | Found a glowing silver altar of Zin.
  2941 | D:3      | Found a hazy altar of Hepliaklqana.
  3027 | D:4      | Noticed Blork the orc
  3039 | D:4      | Killed Blork the orc
  3040 | D:4      | Reached skill level 6 in Axes
  3040 | D:4      | Reached XP level 6. HP: 29/52 MP: 6/6
  3230 | D:4      | Noticed Edmund
  3243 | D:4      | Killed Edmund
  3244 | D:4      | Reached skill level 7 in Axes
  3317 | D:4      | Reached skill level 8 in Axes
  3592 | D:4      | Reached XP level 7. HP: 41/59 MP: 7/7
  3992 | D:4      | Reached skill level 9 in Axes
  4277 | D:5      | Entered Level 5 of the Dungeon
  4319 | D:5      | Reached skill level 10 in Axes
  4488 | D:5      | Reached * piety under Beogh
  4599 | D:5      | Reached skill level 11 in Axes
  4599 | D:5      | Reached XP level 8. HP: 61/66 MP: 8/8
  5247 | D:6      | Slain by a gnoll

Illustrated notes

Levels and vault maps discovered:
D:1:      heliophobic_arrival_henge, layout_loops_corners,
          dreamdust_ecumenical_altar_angels_and_demons,
          chequers_serial_rivers_micro_a, skrybe_limestone_x, bh_walls_and_bars
D:2:      layout_loops_cross
D:3:      layout_rooms, mainiacjoe_overflow_catch_the_wave
D:4:      layout_cave_pods, uniq_blork_the_orc, uniq_edmund
D:5:      layout_cave_pods, serial_park, serial_park_fountain,
          serial_park_tiny_2, serial_park_tiny_2
D:6:      layout_basic, grunt_nemelex_the_gamble, uniq_grinder

Skill      XL: |  1  2  3  4  5  6  7 |
---------------+----------------------+-----
Axes           | 3 5 6 8 11 | 11.6
Fighting       | 4 |  4.0
Shields        | 4 |  4.0
Armour         | 4 |  4.0

Action                   |  1- 3 |  4- 6 |  7- 9 || total
-------------------------+-------+-------+-------++-------
Melee: War axe           |   111 |   134 |    72 ||   317
Invok: Convert to Beogh  |       |     1 |       ||     1
  Use: Potion            |       |     1 |       ||     1
       Scroll            |       |       |     6 ||     6
Armor: Scale mail        |    44 |    48 |     4 ||    96
       Plate armour      |       |       |    69 ||    69
Dodge: Dodged            |    69 |    58 |    25 ||   152
Block: Buckler           |    32 |    25 |    27 ||    84
